Map: [G8] Royal Blood

Players

Reynor - Winner!

  • Race: Zerg Zerg
  • Spawn Location: 1:00

ByuN

  • Race: Terran Terran
  • Spawn Location: 7:00

Event: Gamers8 2023

VOD

Have the link to the VOD?

Description

Time

  • Played on: Aug. 5, 2023, 11:59 a.m.
  • Length: 20:48

All games in this series

Show
View Real Time Build Order
Export as new Build Order

Reynor Zerg - Winner!

Build Orders: Hatch First, Lurkers 

Get SALT Encoding   

  12  0:00  Drone  
  13  0:12  Overlord  
  13  0:17  Drone  
  14  0:30  Drone x2  
  16  0:48  Hatchery  
  15  0:51  Drone  
  15  0:55  Drone  
  17  0:58  Drone  
  18  1:08  Extractor  
  17  1:13  Spawning Pool  
  17  1:16  Drone  
  17  1:20  Drone  
  18  1:27  Drone  
  19  1:38  Drone  
  20  1:49  Drone  
  21  2:00  Queen x2  
  21  2:01  Zergling x4  
  27  2:13  Hatchery  
  26  2:21  Overlord  
  25  2:25  Metabolic Boost  
  25  2:28  Drone  
  26  2:33  Drone  
  27  2:38  Zergling x4  
  27  2:42  Drone  
  27  2:44  Drone  
  28  2:49  Drone  
  29  2:53  Queen  
  29  2:55  Drone  
  32  3:05  Drone x2  
  34  3:07  Queen  
  36  3:17  Overlord  
  36  3:19  Overlord  
  36  3:26  Drone x4  
  40  3:31  Queen  
  42  3:36  Zergling x4  
  42  3:38  Zergling x2  
  42  3:39  Drone  
  47  3:41  Drone  
  47  3:47  Zergling x4  
  49  3:48  Overlord  
  49  3:51  Drone  
  49  3:53  Drone  
  50  3:55  Drone  
  50  3:58  Drone x2  
  50  4:00  Drone  
  50  4:01  Drone  
  55  4:04  Drone x2  
  55  4:08  Overlord  
  57  4:12  Queen  
  57  4:14  Drone  
  57  4:16  Drone  
  61  4:20  Drone x3  
  64  4:24  Overlord  
  64  4:25  Zergling x2  
  64  4:27  Drone  
  64  4:30  Queen  
  68  4:33  Zergling x4  
  68  4:34  Zergling x2  
  68  4:38  Zergling x4  
  73  4:42  Overlord  
  73  4:44  Overlord  
  73  4:46  Zergling x8  
  73  4:48  Overlord  
  73  4:51  Zergling x2  
  78  4:56  Drone x2  
  78  4:57  Drone  
  81  5:01  Spore Crawler  
  81  5:02  Drone x2  
  81  5:05  Overlord  
  81  5:06  Drone x2  
  84  5:07  Drone  
  84  5:08  Drone  
  86  5:14  Drone  
  86  5:16  Extractor  
  86  5:17  Evolution Chamber  
  86  5:18  Queen  
  86  5:19  Evolution Chamber  
  86  5:20  Drone x2  
  88  5:27  Hatchery, Drone  
  88  5:30  Drone x3  
  88  5:32  Zergling x4  
  88  5:35  Overlord  
  93  5:36  Zergling x4  
  93  5:40  Spore Crawler  
  93  5:41  Spore Crawler  
  93  5:42  Drone  
  94  5:43  Drone x2  
  94  5:48  Zerg Ground Armor Level 1  
  94  5:49  Zerg Melee Weapons Level 1  
  95  5:54  Drone x4  
  95  5:56  Extractor x2, Drone  
  98  5:58  Drone  
  99  6:05  Lair  
  99  6:06  Zergling x4  
  99  6:08  Overlord  
  99  6:09  Queen  
  103  6:11  Drone x3  
  103  6:12  Drone  
  103  6:15  Baneling Nest  
  103  6:18  Extractor  
  104  6:20  Zergling x6  
  104  6:23  Drone x2  
  109  6:28  Zergling x10  
  114  6:35  Overlord  
  114  6:37  Drone x3  
  114  6:39  Zergling x6  
  120  6:40  Overlord  
  120  6:41  Drone  
  120  6:42  Drone  
  120  6:46  Zergling x2  
  124  6:54  Zergling x6  
  124  6:55  Queen  
  124  6:57  Spore Crawler, Drone x4  
  124  7:01  Drone  
  132  7:07  Baneling x5  
  132  7:08  Baneling x3  
  132  7:10  Zergling x6  
  132  7:12  Baneling x11  
  132  7:15  Hatchery, Zergling x6  
  137  7:21  Drone x3  
  137  7:22  Zergling x6  
  143  7:24  Overlord  
  143  7:29  Overlord  
  143  7:31  Overlord  
  143  7:35  Centrifugal Hooks  
  143  7:40  Zergling x2  
  143  7:41  Overlord  
  142  7:45  Zerg Melee Weapons Level 2  
  142  7:47  Drone x4  
  142  7:48  Drone x3  
  142  7:50  Extractor, Drone x3  
  151  7:53  Baneling x4  
  151  7:54  Baneling x4  
  151  7:55  Zerg Ground Armor Level 2  
  151  7:56  Zergling x4  
  153  7:59  Zergling x2  
  153  8:01  Zergling x2  
  153  8:05  Zergling x2  
  155  8:08  Infestation Pit, Drone x4  
  155  8:11  Extractor, Zergling x18  
  166  8:14  Zergling x4  
  164  8:23  Spore Crawler  
  164  8:25  Zergling x8  
  164  8:26  Queen  
  169  8:30  Zergling x2  
  167  8:34  Zergling x8  
  167  8:38  Zergling x16  
  178  8:42  Zergling x6  
  178  8:44  Hydralisk Den, Hive  
  178  8:47  Zergling x4  
  170  8:55  Zergling x8  
  160  8:56  Baneling x4  
  160  8:57  Baneling x12, Zergling x2  
  160  9:00  Zergling x2  
  160  9:01  Zergling x2  
  159  9:04  Zergling x2  
  159  9:06  Zergling x2  
  159  9:08  Queen  
  152  9:11  Zergling x18  
  152  9:15  Muscular Augments, Hydralisk x3  
  165  9:17  Hydralisk  
  165  9:18  Hydralisk  
  167  9:26  Hydralisk  
  167  9:27  Zergling x10  
  167  9:28  Baneling x9  
  172  9:32  Hydralisk  
  172  9:33  Zergling x4  
  172  9:35  Hatchery, Hydralisk  
  172  9:38  Hydralisk  
  174  9:39  Zergling x2  
  174  9:40  Overlord  
  174  9:43  Zergling x10  
  174  9:44  Overlord  
  182  9:57  Overlord  
  182  9:59  Zergling x16  
  190  10:01  Overlord  
  190  10:06  Zergling x10  
  193  10:10  Hydralisk  
  193  10:11  Zergling x4  
  193  10:14  Adrenal Glands  
  195  10:15  Viper  
  195  10:19  Overlord  
  198  10:21  Baneling  
  198  10:22  Baneling x11  
  198  10:24  Extractor  
  198  10:25  Zergling x14  
  196  10:34  Zergling x20  
  189  10:38  Viper  
  189  10:40  Drone x3  
  194  10:46  Zergling x4  
  194  10:47  Pneumatized Carapace, Overseer  
  194  10:49  Drone  
  195  10:52  Zergling x10  
  200  10:59  Baneling x13  
  196  11:08  Zergling x28  
  193  11:11  Baneling x10  
  193  11:16  Zergling x2, Hydralisk  
  193  11:17  Zergling x4  
  186  11:20  Drone x3  
  186  11:23  Zergling x20  
  199  11:30  Queen  
  189  11:36  Zergling x20  
  190  11:42  Zergling x4  
  190  11:43  Zerg Ground Armor Level 3, Lurker Den  
  191  11:50  Drone x4  
  191  11:51  Drone x3  
  198  11:54  Zerg Melee Weapons Level 3  
  198  11:55  Baneling x11  
  196  12:12  Zergling x16  
  195  12:29  Zergling x2, Hydralisk x3  
  195  12:30  Zergling x12  
  195  12:32  Overseer  
  195  12:36  Zergling x24  
  196  12:41  Zergling x8, Hydralisk  
  177  12:46  Zergling x8  
  177  12:50  Hydralisk  
  177  12:51  Zergling x4  
  181  12:53  Hydralisk x2  
  181  12:54  Zergling x8  
  181  12:58  Hydralisk  
  172  13:07  Hatchery, Overseer  
  172  13:10  Seismic Spines  
  172  13:11  Zergling x12  
  177  13:13  Baneling x23  
  177  13:18  Lurker x5  
  182  13:22  Zergling x10  
  187  13:29  Zergling x2  
  187  13:30  Zergling x8  
  189  13:45  Zergling x32  
  198  13:51  Baneling x7  
  198  14:00  Zergling x2  
  196  14:06  Zergling x16  
  196  14:07  Hydralisk  
  191  14:15  Queen, Hydralisk  
  191  14:16  Zergling x18  
  194  14:21  Zergling x6  
  196  14:27  Lurker  
  196  14:28  Adaptive Talons  
  194  14:34  Lurker x5  
  199  14:44  Baneling x13  
  199  14:50  Drone x2  
  194  15:00  Zergling x12  
  194  15:04  Extractor  
  194  15:05  Extractor  
  198  15:07  Spine Crawler, Spore Crawler  
  198  15:12  Overseer  
  197  15:14  Zergling x8  
  192  15:22  Zergling x8  
  192  15:23  Zergling x6  
  199  15:35  Hydralisk  
  187  15:36  Zergling x24  
  187  15:38  Hydralisk  
  187  15:39  Zergling x16  
  187  15:41  Zergling x10, Hydralisk  
  187  15:42  Zergling x4  
  199  15:45  Zergling x4  
  199  15:48  Zergling x6  
  199  15:49  Zergling x2  
  182  15:52  Zergling x4  
  181  15:59  Zergling x12  
  181  16:01  Overlord  
  181  16:03  Baneling  
  181  16:04  Baneling x13  
  187  16:07  Zergling x6  
  187  16:12  Baneling x11  
  187  16:17  Zerg Missile Weapons Level 1  
  184  16:18  Drone  
  184  16:20  Drone x2  
  184  16:22  Drone x2  
  189  16:26  Zergling x12  
  189  16:30  Baneling x14  
  189  16:31  Hatchery  
  185  16:44  Zergling x28  
  161  16:50  Hydralisk  
  161  16:51  Zergling x14  
  158  16:57  Drone x2  
  158  16:59  Zergling x12  
  158  17:00  Zergling x2  
  164  17:02  Lurker  
  164  17:03  Lurker x3  
  168  17:10  Lurker  
  168  17:14  Zergling x14  
  173  17:18  Hydralisk  
  173  17:19  Zergling x6  
  170  17:23  Spore Crawler  
  170  17:27  Zergling x14  
  170  17:28  Zergling x6  
  152  17:30  Zergling x2  
  152  17:32  Hydralisk  
  152  17:35  Baneling  
  152  17:36  Baneling x11  
  153  17:37  Zergling x2  
  153  17:40  Zergling x6  
  153  17:42  Zergling x4  
  153  17:43  Hydralisk  
  152  17:47  Hydralisk  
  152  17:48  Zergling x2  
  147  17:52  Zergling x6  
  147  17:53  Zergling x4  
  151  18:05  Zergling x20  
  160  18:12  Zergling x12  
  160  18:21  Zergling x2  
  160  18:22  Zergling x8  
  160  18:27  Lurker x4  
  160  18:35  Baneling x7, Hydralisk x3  
  160  18:36  Hydralisk x2  
  160  18:39  Lurker  
  171  18:47  Baneling x5  
  171  18:48  Overseer  
  171  18:50  Zergling x8  
  171  18:54  Hatchery  
  171  19:01  Zergling x22  
  178  19:08  Zergling x12  
  182  19:22  Zergling x22  
  182  19:24  Hydralisk  
  153  19:28  Hydralisk  
  153  19:30  Hydralisk  
  149  19:31  Zergling x4  
  149  19:37  Zergling x10  
  151  19:42  Lurker x3  
  151  19:43  Hydralisk  
  151  19:44  Zergling x2  
  157  19:51  Zergling x6, Hydralisk  
  157  19:52  Zergling x2  
  163  19:55  Drone x3  
  166  20:07  Baneling x13  
  166  20:09  Hydralisk x4  
Show
View Real Time Build Order
Export as new Build Order

ByuN Terran 

Build Orders:  

Get SALT Encoding   

  12  0:00  SCV  
  13  0:12  SCV  
  14  0:17  Supply Depot  
  14  0:24  SCV  
  15  0:38  SCV  
  15  0:39  Barracks  
  16  0:42  Refinery  
  16  0:50  SCV  
  17  0:59  Barracks  
  17  1:03  SCV  
  18  1:15  SCV  
  19  1:27  Orbital Command, Reaper  
  20  1:34  Supply Depot  
  20  1:46  Reaper  
  21  1:53  SCV  
  22  2:01  Reaper  
  22  2:05  SCV  
  24  2:10  Command Center  
  24  2:17  SCV  
  24  2:21  Barracks Tech Lab  
  25  2:29  SCV  
  26  2:39  Barracks Tech Lab  
  26  2:41  SCV  
  27  2:46  Supply Depot  
  27  2:50  Command Center  
  27  2:51  Marine  
  27  2:55  SCV  
  29  2:58  Refinery  
  29  3:09  SCV  
  29  3:10  Marine  
  32  3:14  Stimpack  
  31  3:20  Barracks Reactor  
  31  3:21  SCV  
  31  3:23  Orbital Command  
  32  3:28  Marine  
  32  3:33  SCV  
  34  3:38  Factory  
  34  3:45  SCV  
  34  3:46  Marine  
  36  3:50  SCV  
  37  3:57  Marine x2, SCV  
  37  4:02  SCV  
  41  4:03  Orbital Command  
  41  4:04  Marine, Refinery  
  41  4:09  SCV  
  43  4:14  SCV  
  43  4:15  Marine x2  
  46  4:21  Marine, SCV  
  46  4:22  Starport, Factory Reactor  
  48  4:26  SCV  
  48  4:29  SCV  
  50  4:33  SCV  
  51  4:38  SCV, Engineering Bay  
  51  4:39  Engineering Bay  
  51  4:40  Marine x2  
  51  4:41  Marine  
  51  4:42  SCV  
  56  4:45  SCV  
  56  4:50  SCV  
  58  4:54  SCV  
  58  4:57  Refinery, SCV  
  60  5:02  SCV  
  60  5:05  Terran Infantry Armor Level 1, Terran Infantry Weapons Level 1  
  60  5:06  SCV  
  62  5:10  Medivac x2, SCV  
  62  5:12  Marine x2  
  69  5:17  Combat Shield, Supply Depot  
  69  5:19  Marine, SCV  
  72  5:22  Supply Depot  
  72  5:27  SCV  
  72  5:29  Siege Tank  
  72  5:30  Marine x2  
  72  5:33  Supply Depot  
  77  5:37  Orbital Command  
  77  5:39  Marine, SCV  
  77  5:41  Barracks  
  79  5:46  Starport Reactor  
  79  5:47  Marine x2  
  81  5:52  SCV  
  81  5:53  Barracks  
  81  5:54  SCV  
  81  5:56  Barracks, Marine  
  84  5:59  Armory  
  84  6:05  Marine x2  
  84  6:06  SCV x2  
  84  6:07  SCV  
  89  6:14  Marine  
  89  6:15  Siege Tank  
  89  6:18  SCV x2  
  95  6:20  SCV  
  95  6:24  Marine x2, Supply Depot  
  98  6:28  Marine x2  
  98  6:30  SCV  
  101  6:41  Supply Depot  
  101  6:45  Medivac x2, Marine, SCV x3  
  101  6:46  Supply Depot  
  101  6:47  Supply Depot  
  109  6:50  Barracks Reactor x2  
  109  6:57  Supply Depot  
  109  7:01  Terran Infantry Weapons Level 2  
  109  7:03  Siege Tank, SCV x3  
  109  7:08  Terran Infantry Armor Level 2  
  115  7:10  Supply Depot  
  115  7:12  Marine  
  115  7:13  Marine x4  
  115  7:15  SCV x2  
  122  7:16  SCV  
  122  7:21  Refinery  
  122  7:22  Supply Depot  
  123  7:25  Factory  
  123  7:26  Marine x4  
  127  7:30  Marine x2  
  127  7:32  Marine x3  
  132  7:38  Siege Tank  
  132  7:44  Marine  
  135  7:45  Marine x3  
  135  7:48  Marine x2  
  135  7:49  Marine  
  135  7:50  Marine x2  
  144  7:51  Terran Vehicle Weapons Level 1  
  144  7:57  Command Center  
  144  8:01  Marine  
  144  8:04  Marine  
  144  8:05  Marine x2  
  148  8:06  Marine  
  148  8:10  Siege Tank  
  148  8:11  Factory Reactor  
  152  8:14  Medivac x2  
  152  8:18  Marine, Supply Depot  
  157  8:24  Supply Depot x2  
  157  8:26  Supply Depot  
  157  8:39  Marine x6  
  157  8:40  Barracks  
  157  8:41  Marine x2, Barracks  
  165  8:43  Barracks  
  165  8:45  Siege Tank, Marine  
  155  8:57  Marine x3, Orbital Command  
  155  8:58  Medivac x2  
  159  9:04  Marine  
  159  9:05  Marine  
  159  9:09  Marine x3, Widow Mine x2  
  157  9:12  Marauder  
  159  9:19  SCV x2  
  159  9:22  Marine  
  162  9:27  Marine x3  
  162  9:28  Medivac x2, Marine x4  
  162  9:31  SCV  
  175  9:33  Marauder  
  175  9:37  Barracks Tech Lab x2  
  175  9:38  SCV, Barracks Tech Lab  
  175  9:43  SCV  
  175  9:44  Planetary Fortress  
  178  9:45  Terran Infantry Armor Level 3  
  178  9:50  SCV  
  178  9:51  Terran Infantry Weapons Level 3  
  178  9:56  Marauder  
  178  9:57  Marauder x2  
  184  10:01  Marauder  
  184  10:05  Marine x4  
  187  10:09  Widow Mine x2  
  187  10:10  Widow Mine  
  190  10:16  Medivac x2  
  191  10:24  Marauder  
  191  10:25  Marauder  
  195  10:29  Marauder x2  
  195  10:30  SCV  
  195  10:32  SCV x2  
  195  10:39  Marine  
  195  10:40  Marine x2  
  195  10:42  SCV  
  198  10:43  Widow Mine  
  199  10:54  Marine  
  199  11:06  Marine, Widow Mine x2  
  199  11:09  Marine  
  199  11:10  Concussive Shells  
  200  11:15  Marine  
  200  11:16  Marine x3  
  196  11:19  Marine x2  
  196  11:21  Marauder  
  200  11:27  Command Center  
  200  11:29  Command Center  
  200  11:32  Command Center  
  175  11:36  Marine  
  175  11:37  Marine  
  162  11:41  Marauder x3  
  162  11:42  Marine x7  
  162  11:43  Widow Mine x2  
  162  11:45  Widow Mine  
  181  11:51  SCV  
  181  11:52  SCV x2  
  184  11:58  Marine x2  
  184  12:00  Marauder, Marine  
  189  12:02  Marine  
  189  12:03  Marauder, Marine x3  
  189  12:04  Marine  
  189  12:05  Widow Mine x2  
  200  12:12  Marauder  
  200  12:15  Ghost Academy  
  200  12:16  Marine  
  199  12:26  Marine  
  199  12:27  Marine x4  
  199  12:28  Marine  
  193  12:30  Marauder x2  
  193  12:31  Marine  
  193  12:32  Marine  
  184  12:38  Marine  
  184  12:41  Marine, Widow Mine x2  
  155  12:44  Marine x2  
  155  12:45  Marine x3  
  155  12:46  Widow Mine  
  155  12:47  Orbital Command x2  
  155  12:50  Medivac x2, Marine  
  164  12:52  Marauder x2  
  164  12:55  Marine  
  164  12:58  Marine x2  
  157  12:59  Marine  
  157  13:02  Marine, Widow Mine  
  157  13:04  Marine x3  
  157  13:05  Marine  
  150  13:06  Planetary Fortress  
  150  13:07  Siege Tank  
  150  13:08  Marine  
  150  13:12  Marine  
  154  13:13  Marauder x2  
  154  13:15  Marine  
  154  13:16  Marauder  
  154  13:17  Marine  
  163  13:20  Medivac x2, Marine  
  163  13:26  Sensor Tower, Marine  
  165  13:27  Marine  
  165  13:28  Marine x2  
  165  13:32  Marine  
  165  13:34  Ghost x2  
  169  13:35  Marine x2, Ghost  
  169  13:37  Ghost  
  169  13:38  Marine  
  180  13:44  Marine, Widow Mine x2  
  180  13:45  Marine  
  182  13:50  Medivac x2  
  184  13:58  Marine, Refinery  
  184  13:59  Marine x4  
  184  14:02  Ghost x2  
  185  14:03  Ghost  
  185  14:05  Ghost  
  173  14:10  Marine x3  
  173  14:16  Marine x3  
  167  14:24  Marine  
  168  14:29  Personal Cloaking  
  168  14:31  Ghost x2  
  168  14:32  Marauder  
  168  14:33  Refinery  
  168  14:35  Marauder  
  166  14:40  SCV x3  
  166  14:42  SCV  
  168  14:53  Ghost  
  168  14:55  Ghost  
  168  14:59  Ghost x2  
  165  15:00  Marine x4  
  165  15:01  Marine x2  
  165  15:05  Refinery  
  175  15:07  Command Center  
  175  15:08  Medivac x2, Command Center  
  179  15:16  Marine  
  179  15:17  Marine  
  179  15:21  Marine x2  
  180  15:22  Marauder  
  180  15:25  Marauder  
  180  15:27  Widow Mine x2  
  180  15:28  Marine x2, Ghost  
  188  15:29  Marauder  
  191  15:39  SCV x2  
  191  15:42  SCV  
  147  15:46  Orbital Command  
  147  15:47  Marine x2, Ghost x2  
  147  15:48  Marine x2  
  133  15:50  Marauder, Marine x3  
  133  15:53  Widow Mine x3  
  144  15:57  Marauder  
  146  16:05  SCV x2  
  146  16:07  SCV  
  146  16:10  SCV  
  150  16:11  Marauder  
  150  16:13  Marine x2  
  150  16:14  Marine x2, Widow Mine  
  150  16:15  Widow Mine  
  150  16:16  Marauder x2  
  150  16:17  Marine x2  
  165  16:19  Marauder, Marine  
  165  16:23  SCV  
  166  16:32  Orbital Command x2  
  164  16:33  Marauder  
  164  16:34  SCV  
  164  16:37  Marauder  
  164  16:40  Orbital Command x2  
  164  16:41  Orbital Command  
  164  16:43  Marauder  
  164  16:44  Marauder  
  164  16:45  Orbital Command  
  164  16:46  Widow Mine  
  145  16:47  Marine x2  
  145  16:48  Widow Mine  
  145  16:49  SCV  
  145  16:51  Marine  
  145  16:54  Marauder, Marine x2  
  133  16:57  Marine x2  
  133  17:00  SCV  
  141  17:08  Marauder x2  
  141  17:14  SCV x3  
  142  17:15  SCV  
  142  17:20  Marauder  
  121  17:32  Ghost x2  
  121  17:35  Widow Mine x2  
  125  17:37  Marine  
  124  17:46  Ghost x2  
  124  17:50  SCV  
  122  17:58  Widow Mine x2  
  121  18:00  SCV  
  121  18:01  Orbital Command  
  121  18:03  SCV  
  121  18:06  SCV, Orbital Command  
  121  18:09  SCV  
  121  18:11  SCV  
  121  18:15  SCV  
  121  18:18  SCV  
  121  18:26  Marauder  
  109  18:27  Widow Mine  
  107  18:38  Medivac  
  107  18:39  Marine  
  107  18:40  Marine  
  111  18:46  Marauder x2  
  115  18:54  Marauder x2, Widow Mine  
  121  19:04  Widow Mine  
  121  19:05  Marine  
  121  19:06  Marine  
  121  19:07  Marauder x2  
  121  19:09  Liberator  
  125  19:14  Orbital Command  
  128  19:21  Ghost  
  128  19:22  Marine  
  113  19:26  Ghost  
  113  19:28  Ghost x2  
  113  19:29  SCV  
  90  19:37  SCV  
  90  19:38  Marine  
  87  19:47  SCV  
  87  19:48  SCV  
  89  19:55  Ghost  
  90  20:05  Ghost x2  
  94  20:13  Ghost  
  90  20:16  Marine  
  90  20:19  Marine  
Tags
 
Add a new tag
Caveats
  • Supply blocks, unpowered buildings, or Contaminate may cause inaccurate times.
  • Supply counts are checked every 10 seconds.